 Dungeon Crawl Stone Soup version 0.30-a0-782-ge64f9170bb (webtiles) character file.

Game seed: 8158914613860968543

36 mopl the Slasher (level 3, -1/28 HPs)
             Began as a Merfolk Warper on Mar 6, 2023.
             Slain by Natasha (2 damage)
             ... on level 2 of the Dungeon.
             The game lasted 00:01:22 (775 turns).

mopl the Slasher (Merfolk Warper)                    Turns: 775, Time: 00:01:22

Health: -1/28      AC:  3    Str: 13    XL:     3   Next: 37%
Magic:  6/6        EV: 12    Int: 12    God:
Gold:   72         SH:  0    Dex: 13    Spells: 4/6 levels left

rFire   . . .      SeeInvis .    a - +0 falchion
rCold   . . .      Faith    .    (no shield)
rNeg    . . .      Spirit   .    b - +0 leather armour
rPois   .          Reflect  .    (no helmet)
rElec   .          Harm     .    (no cloak)
rCorr   .          Rampage  .    (no gloves)
Will    .....                    (no boots)
Stlth   +                        (no amulet)
HPRegen 0.24/turn                (no ring)
MPRegen 0.10/turn                (no ring)

@: slowed, very slow
A: (nimble swimmer 2), mertail
a: no special abilities


You were on level 2 of the Dungeon.
You visited 1 branch of the dungeon, and saw 2 of its levels.

You collected 72 gold pieces.

Inventory:

Hand Weapons
 a - a +0 falchion (weapon)
Missiles
 d - 7 boomerangs of dispersal
 g - 6 poisoned darts (quivered)
Armour
 b - a +0 leather armour (worn)
 o - a +1 cloak
Wands
 i - a wand of roots (10)
Scrolls
 c - a scroll of blinking
 f - a scroll of enchant armour {unknown}
 h - 2 scrolls of identify {unknown}
 j - a scroll of fog {unknown}
 m - a scroll of immolation {unknown}
 p - a scroll of teleportation {unknown}
Potions
 e - 2 potions of attraction {unknown}
 k - a potion of brilliance {unknown}
 l - a potion of curing {unknown}
 n - 2 potions of flight {unknown}
 q - a potion of berserk rage {unknown}


   Skills:
 + Level 2.4 Fighting
 * Level 3.2 Long Blades
 + Level 1.4 Throwing
 + Level 0.9 Armour
 + Level 2.9 Dodging
 + Level 2.2 Spellcasting
 + Level 2.5 Translocations


You had 4 spell levels left.
You knew the following spells:

 Your Spells              Type           Power      Damage    Failure   Level
b - Blink                 Tloc           14%        N/A       19%         2

Your spell library contained the following spells:

 Spells                   Type           Power      Damage    Failure   Level
 Lesser Beckoning         Tloc           14%        N/A       19%         2
 Teleport Other           Tloc           7%         N/A       34%         3
 Vhi's Electric Charge    Tloc/Air       8%         N/A       52%         3
 Manifold Assault         Tloc           7%         N/A       75%         4
 Animate Dead             Necr           1%         N/A       98%         4
 Borgnjor's Vile Clutch   Necr/Erth      0%         N/A       100%        5
 Death Channel            Necr           0%         N/A       100%        6


Dungeon Overview and Level Annotations

Branches:
Dungeon (2/15)

Altars:
Gozag

Annotations:
D:2 Natasha


Innate Abilities, Weirdness & Mutations

((You are very nimble when in or above water. (Stealth+, EV+, Speed+++)))
Your lower body shifts to a powerful aquatic tail in water.


Message History

Natasha casts a spell.
You barely miss Natasha.
Natasha is lightly wounded.
Natasha claws you! The crimson imp puffs mist at you.
The crimson imp barely misses you. Natasha completely misses you.
You are too injured to fight recklessly!
You are too injured to fight recklessly!
You are too injured to fight recklessly!
You are too injured to fight recklessly!
You are too injured to fight recklessly!
You are too injured to fight recklessly!
You are too injured to fight recklessly!
You are too injured to fight recklessly!
You are too injured to fight recklessly!
You are too injured to fight recklessly!
You are too injured to fight recklessly!
You are too injured to fight recklessly!
The crimson imp attacks as you move away!
The crimson imp barely misses you. Natasha casts a spell at you.
You resist with significant effort. The crimson imp hits you.
The crimson imp blinks!
Natasha claws you.
You closely miss Natasha.
Natasha is lightly wounded.
Natasha misses you.
The crimson imp grins evilly.
You hit Natasha.
Natasha is heavily wounded.
Natasha barely misses you. Natasha claws you!
* * * LOW HITPOINT WARNING * * *
You slash Natasha!
Natasha is almost dead.
Natasha claws you.
* * * LOW HITPOINT WARNING * * *
Natasha closely misses you.
You hit Natasha but do no damage.
Natasha is almost dead.
Natasha claws you.
You die...

#...........<.....##
#.......##.#..##..##
#.......##......(>...
#.....)†####.##......#
#.......# #.##......#
#.......# ###########
#.....5.# ######h####
♣♣ #@##.#P.♣.♣
#.#...PP.♣ #.....PP♣♣
###..#♣♣♣ ####


You could see Natasha and a crimson imp (summoned).

Vanquished Creatures
  A worm (D:2)
  2 endoplasms (D:2)
  3 giant cockroaches
  3 goblins (D:1)
  8 hobgoblins
  3 ball pythons
  2 bats (D:1)
  2 kobolds (D:2)
  7 rats
31 creatures vanquished.

Notes
Turn   | Place    | Note
-------+----------+-------------------------------------------
     0 | D:1      | mopl the Merfolk Warper began the quest for the Orb.
     0 | D:1      | Reached XP level 1. HP: 16/16 MP: 3/3
   121 | D:1      | Reached XP level 2. HP: 21/22 MP: 5/5
   124 | D:1      | Learned a level 2 spell: Blink
   456 | D:1      | Found an opulent altar of Gozag.
   498 | D:2      | Reached skill level 3 in Long Blades
   562 | D:2      | Reached XP level 3. HP: 28/28 MP: 6/6
   762 | D:2      | Noticed Natasha
   774 | D:2      | HP: 1/28 [Natasha (2)]
   775 | D:2      | Slain by Natasha

Illustrated notes

Levels and vault maps discovered:
D:1:      dpeg_arrival_lava_altar, layout_rooms
D:2:      layout_basic, minmay_misc_feat_roman, uniq_natasha,
          uniq_crazy_yiuf_cottage

Skill      XL: |  1  2 |
---------------+-------+-----
Long Blades    | 3 |  3.2
Fighting       | |  2.4
Throwing       | |  1.4
Armour         | |  0.9
Dodging        | |  2.9
Spellcasting   | |  2.2
Translocations | |  2.5

Action                     || total
---------------------------++-------
  Melee: Falchion          ||   121
         Punch             ||     1
   Stab: Sleeping          ||     1
 Armour: Leather armour    ||    27
  Dodge: Dodged            ||    87

Table legend: (Time is in decaauts)
 A = Elapsed time spent in this place.
 B = Non-inter-level travel time spent in this place.
 C = Inter-level travel time spent in this place.
 D = Time resting spent in this place.
 E = Time spent auto-exploring this place.
 F = Levels seen in this place.
 G = Mean time per level.
                   A        B        C        D        E       F      G
               +--------+--------+--------+--------+--------+-----+--------+
         Total |    797 |    759 |     38 |     49 |    458 |   2 |  398.5 |
       Dungeon |    797 |    759 |     38 |     49 |    458 |   2 |  398.5 |
               +--------+--------+--------+--------+--------+-----+--------+

Top non-repeatable levels by time:
     D:1: 504 daAuts
     D:2: 293 daAuts
